Map: Abyssal Reef LE

Players

Vlign

  • Race: Terran Terran
  • League: Diamond
  • Spawn Location: 11:00

A.I. 1 (Elite) - Winner!

  • Race: Zerg Zerg
  • Spawn Location: 5:00

VOD

Have the link to the VOD?

Description

Time

  • Played on: July 18, 2018, 2:05 a.m.
  • Length: 6:45
Show
View Real Time Build Order
Export as new Build Order

Vlign Terran 

Build Orders: Cyclone Opening 

Get SALT Encoding   

  12  0:00  SCV  
  13  0:12  SCV  
  14  0:18  Supply Depot  
  14  0:24  SCV  
  15  0:31  Refinery  
  15  0:40  SCV  
  16  0:47  Barracks  
  16  0:52  SCV  
  17  1:04  SCV  
  18  1:16  SCV  
  20  1:35  Reaper  
  20  1:39  Orbital Command  
  20  1:41  Supply Depot  
  20  1:51  Factory  
  20  2:07  Command Center  
  21  2:08  SCV  
  21  2:14  Marine  
  22  2:20  SCV  
  23  2:26  Refinery  
  23  2:32  SCV  
  23  2:34  Cyclone  
  23  2:35  Marine  
  28  2:44  SCV  
  28  2:50  Bunker  
  29  2:57  Marine  
  30  3:09  SCV  
  31  3:19  Cyclone  
  34  3:20  Orbital Command  
  34  3:24  Armory  
  34  3:25  SCV  
  35  3:28  Refinery  
  35  3:32  Marine  
  36  3:38  SCV  
  37  3:44  Supply Depot  
  37  3:46  SCV  
  38  3:50  SCV  
  38  3:54  Factory Reactor  
  39  3:57  Barracks Tech Lab  
  39  3:58  SCV  
  40  4:03  SCV  
  41  4:12  SCV, Terran Vehicle Weapons Level 1  
  41  4:14  Supply Depot  
  43  4:24  SCV  
  43  4:26  Barracks Tech Lab  
  43  4:28  Refinery  
  43  4:31  Cyclone x2  
  46  4:33  SCV  
  46  4:35  Barracks  
  46  4:37  SCV  
  51  4:40  Supply Depot  
  51  4:45  SCV  
  51  4:48  Ghost Academy  
  51  4:49  SCV  
  53  4:57  SCV  
  54  5:02  SCV  
  54  5:03  Cyclone x2  
  61  5:08  Supply Depot  
  61  5:10  SCV  
  62  5:14  SCV  
  62  5:18  Ghost  
  65  5:23  SCV  
  65  5:24  Ghost  
  68  5:35  Engineering Bay  
  68  5:36  SCV  
  68  5:37  SCV, Engineering Bay  
  70  5:45  Factory Tech Lab  
  70  5:51  Ghost  
Show
View Real Time Build Order
Export as new Build Order

A.I. 1 (Elite) Zerg - Winner!

Build Orders: Pool First 

Get SALT Encoding   

  12  0:00  Drone  
  13  0:12  Overlord  
  13  0:16  Drone  
  14  0:31  Drone x2  
  16  0:42  Spawning Pool  
  15  0:45  Drone  
  15  0:48  Drone  
  17  1:12  Hatchery  
  17  1:13  Drone  
  17  1:17  Extractor  
  16  1:18  Extractor  
  16  1:19  Drone  
  16  1:24  Drone  
  17  1:29  Drone  
  18  1:38  Drone  
  19  1:49  Overlord  
  19  1:56  Queen  
  21  2:02  Zergling x2  
  22  2:11  Drone  
  23  2:24  Queen  
  25  2:30  Drone  
  25  2:36  Drone  
  27  2:41  Drone  
  28  2:45  Drone  
  29  3:00  Roach Warren  
  29  3:01  Drone  
  29  3:04  Drone  
  30  3:07  Zergling x2  
  30  3:10  Zergling x2  
  32  3:17  Overlord  
  32  3:20  Drone  
  32  3:23  Drone  
  34  3:39  Roach  
  36  3:41  Roach  
  36  3:42  Roach  
  36  3:43  Roach  
  36  3:46  Lair  
  42  3:51  Overlord  
  42  3:56  Overlord  
  42  3:59  Zergling x2  
  42  4:02  Zergling x2  
  46  4:10  Zergling x4, Drone  
  46  4:11  Drone  
  46  4:14  Drone  
  48  4:17  Drone  
  48  4:19  Drone  
  48  4:24  Overlord  
  50  4:28  Roach  
  50  4:31  Roach  
  54  4:35  Roach  
  54  4:38  Roach  
  58  4:42  Overlord  
  58  4:48  Hydralisk Den, Drone  
  58  4:50  Drone  
  58  4:52  Drone  
  60  4:55  Roach  
  60  4:59  Roach  
  64  5:05  Drone  
  65  5:07  Drone  
  65  5:11  Overlord  
  65  5:12  Drone  
  67  5:15  Drone  
  67  5:16  Hydralisk, Drone  
  67  5:20  Hydralisk  
  73  5:24  Hydralisk  
  75  5:28  Hydralisk  
  75  5:31  Overlord  
  75  5:33  Drone  
  75  5:35  Drone  
  79  5:37  Drone  
  79  5:39  Drone  
  79  5:40  Drone  
  79  5:41  Drone  
  83  5:47  Drone  
  83  5:49  Drone  
  85  5:54  Overlord, Hydralisk  
  85  5:55  Hydralisk  
  89  6:04  Zergling x4  
  90  6:08  Evolution Chamber  
  90  6:10  Zergling x2, Drone  
  91  6:15  Hatchery  
  89  6:22  Drone  
Tags
 
Add a new tag
Caveats
  • Supply blocks, unpowered buildings, or Contaminate may cause inaccurate times.
  • Supply counts are checked every 10 seconds.